TOP OF THE 1ST |
Spokane Trappers batting - Pitching for Mexico City Cerveceros : RHP Honorato Mota
|
Pitching: RHP Honorato Mota
|
|
Batting: RHB Enrique Mendoza
|
0-0: Swinging Strike 0-1: Ball 1-1: TRIPLE (Flyball, 9LM)
|
Batting: LHB José Berroa
|
0-0: Ball 1-0: Ground out 6-3 (Groundball, 56) Enrique Mendoza scores
|
Batting: LHB Will Hill
|
0-0: Called Strike 0-1: Called Strike 0-2: Ball 1-2: Strikes out swinging
|
Batting: RHB Ramiro Ross
|
0-0: Called Strike 0-1: Ball 1-1: SINGLE (Groundball, 34D)
|
Batting: LHB Alan Moore
|
0-0: Called Strike 0-1: SINGLE (Groundball, 34D) Ramiro Ross to second Runner from 2nd tries for 3rd, SAFE, throw made to third
|
Batting: RHB Trent Rasmussen
|
0-0: Called Strike 0-1: Foul Ball, location: 2F 0-2: Strikes out swinging
|
Top of the 1st over - 1 run(s), 3 hit(s), 0 error(s), 2 left on base; Spokane 1 - Mexico City 0 |
BOTTOM OF THE 1ST |
Mexico City Cerveceros batting - Pitching for Spokane Trappers : RHP Michael Morris
|
Pitching: RHP Michael Morris
|
|
Batting: RHB John Dinkins
|
0-0: Called Strike 0-1: Foul Ball, location: 2F 0-2: Ball 1-2: Ground out 4-3 (Groundball, 4)
|
Batting: LHB John Nicholson
|
0-0: Fly out, F3 (Popup, 3)
|
Batting: RHB Hamilton Holbrook
|
0-0: Called Strike 0-1: Called Strike 0-2: Ground out 6-3 (Groundball, 6)
|
Bottom of the 1st over - 0 run(s), 0 hit(s), 0 error(s), 0 left on base; Spokane 1 - Mexico City 0 |
TOP OF THE 2ND |
Spokane Trappers batting - Pitching for Mexico City Cerveceros : RHP Honorato Mota
|
Batting: RHB Clyde Kelley
|
0-0: Ball 1-0: Swinging Strike 1-1: Fly out, F5 (Popup, 5L)
|
Batting: RHB Sergio Solíz
|
0-0: Called Strike 0-1: Called Strike 0-2: Strikes out looking
|
Batting: LHB Jaime Padilla
|
0-0: Foul Ball, location: 2F 0-1: Ball 1-1: Ball 2-1: Foul Ball, location: 2F 2-2: Strikes out looking
|
Top of the 2nd over - 0 run(s), 0 hit(s), 0 error(s), 0 left on base; Spokane 1 - Mexico City 0 |
BOTTOM OF THE 2ND |
Mexico City Cerveceros batting - Pitching for Spokane Trappers : RHP Michael Morris
|
Batting: RHB Dennis Stephenson
|
0-0: Ball 1-0: Foul Ball, location: 2F 1-1: Ball 2-1: Ball 3-1: Foul Ball, location: 2F 3-2: Strikes out swinging
|
Batting: LHB Gary Kern
|
0-0: Ball 1-0: Ground out 4-3 (Groundball, 4)
|
Batting: RHB Dave Morgan
|
0-0: Ball 1-0: Ball 2-0: Fly out, F6 (Popup, 6)
|
Bottom of the 2nd over - 0 run(s), 0 hit(s), 0 error(s), 0 left on base; Spokane 1 - Mexico City 0 |
TOP OF THE 3RD |
Spokane Trappers batting - Pitching for Mexico City Cerveceros : RHP Honorato Mota
|
Batting: RHB Enrique Mendoza
|
0-0: Fly out, F9 (Flyball, 9S)
|
Batting: LHB José Berroa
|
0-0: Called Strike 0-1: Ground out 4-3 (Groundball, 4)
|
Batting: LHB Will Hill
|
0-0: Swinging Strike 0-1: Foul Ball, location: 2F 0-2: Ball 1-2: Foul Ball, location: 2F 1-2: Strikes out swinging
|
Top of the 3rd over - 0 run(s), 0 hit(s), 0 error(s), 0 left on base; Spokane 1 - Mexico City 0 |
BOTTOM OF THE 3RD |
Mexico City Cerveceros batting - Pitching for Spokane Trappers : RHP Michael Morris
|
Batting: LHB Don Soper
|
0-0: Ball 1-0: Ball 2-0: Foul Ball, location: 2F 2-1: Ball 3-1: Called Strike 3-2: Base on Balls
|
Batting: RHB Claudio Souza
|
0-0: Foul Ball, location: 2F 0-1: Fielders Choice at 2nd, 1-4 (Groundball, 15)
|
Batting: LHB Javier Escobedo
|
0-0: Ball 1-0: Ball Claudio Souza steals 2nd base 2-0: Ball 3-0: Base on Balls
|
Batting: RHB John Dinkins
|
0-0: Swinging Strike 0-1: Called Strike 0-2: Ball 1-2: Ball 2-2: Foul Ball, location: 2F 2-2: Foul Ball, location: 2F 2-2: Grounds into double play, 4-6-3 (Groundball, 4)
|
Bottom of the 3rd over - 0 run(s), 0 hit(s), 0 error(s), 1 left on base; Spokane 1 - Mexico City 0 |
TOP OF THE 4TH |
Spokane Trappers batting - Pitching for Mexico City Cerveceros : RHP Honorato Mota
|
Batting: RHB Ramiro Ross
|
0-0: Foul Ball, location: 2F 0-1: Ball 1-1: Foul Ball, location: 2F 1-2: Ball 2-2: Ball 3-2: Base on Balls
|
Batting: LHB Alan Moore
|
0-0: Ball 1-0: Ball Wild Pitch! Ramiro Ross to second 2-0: Called Strike 2-1: Called Strike 2-2: Foul Ball, location: 2F 2-2: Strikes out swinging
|
Batting: RHB Trent Rasmussen
|
0-0: Called Strike 0-1: Ball 1-1: Ball 2-1: Ground out 3-1 (Groundball, 34) Ramiro Ross to third
|
Batting: RHB Clyde Kelley
|
0-0: Ball 1-0: Called Strike 1-1: Swinging Strike 1-2: Strikes out looking
|
Top of the 4th over - 0 run(s), 0 hit(s), 0 error(s), 1 left on base; Spokane 1 - Mexico City 0 |
BOTTOM OF THE 4TH |
Mexico City Cerveceros batting - Pitching for Spokane Trappers : RHP Michael Morris
|
Batting: LHB John Nicholson
|
0-0: Ball 1-0: Ball 2-0: Called Strike 2-1: Called Strike 2-2: Strikes out swinging
|
Batting: RHB Hamilton Holbrook
|
0-0: SINGLE (Groundball, 6D)
|
Batting: RHB Dennis Stephenson
|
0-0: Called Strike 0-1: Ball 1-1: SINGLE (Groundball, 34D) Hamilton Holbrook to second Runner from 2nd tries for 3rd, SAFE, throw made to third
|
Batting: LHB Gary Kern
|
0-0: Called Strike 0-1: Ball 1-1: Called Strike 1-2: Ball 2-2: Ball 3-2: Strikes out swinging
|
Batting: RHB Dave Morgan
|
0-0: Called Strike 0-1: Ball 1-1: Foul Ball, location: 2F 1-2: 3-RUN HOME RUN (Flyball, 78XD), Distance : 412 ft
|
Batting: LHB Don Soper
|
0-0: Called Strike 0-1: Fly out, F6 (Line Drive, 6)
|
Bottom of the 4th over - 3 run(s), 3 hit(s), 0 error(s), 0 left on base; Spokane 1 - Mexico City 3 |
TOP OF THE 5TH |
Spokane Trappers batting - Pitching for Mexico City Cerveceros : RHP Honorato Mota
|
Batting: RHB Sergio Solíz
|
0-0: Ball 1-0: Ball 2-0: Ground out 4-3 (Groundball, 4)
|
Batting: LHB Jaime Padilla
|
0-0: Called Strike 0-1: Ball 1-1: Swinging Strike 1-2: Ball 2-2: Foul Ball, location: 2F 2-2: Ball 3-2: Base on Balls
|
Batting: RHB Enrique Mendoza
|
0-0: Called Strike 0-1: Ball 1-1: Ball 2-1: Grounds into double play, 6-4-3 (Groundball, 6)
|
Top of the 5th over - 0 run(s), 0 hit(s), 0 error(s), 0 left on base; Spokane 1 - Mexico City 3 |
BOTTOM OF THE 5TH |
Mexico City Cerveceros batting - Pitching for Spokane Trappers : RHP Michael Morris
|
Batting: RHB Claudio Souza
|
0-0: Called Strike 0-1: Ball 1-1: Ball 2-1: Foul Ball, location: 2F 2-2: Foul Ball, location: 2F 2-2: DOUBLE (Line Drive, 78D)
|
Batting: LHB Javier Escobedo
|
0-0: Called Strike 0-1: SINGLE (Groundball, 56D) Claudio Souza to third
|
Batting: RHB John Dinkins
|
0-0: Called Strike 0-1: SINGLE (Groundball, 34S) (infield hit) Claudio Souza scores Javier Escobedo to second
|
Batting: LHB John Nicholson
|
0-0: Called Strike 0-1: Ball 1-1: Foul Ball, location: 2F 1-2: Strikes out swinging
|
Batting: RHB Hamilton Holbrook
|
0-0: Fly out, F3 (Flyball, 34D)
|
Batting: RHB Dennis Stephenson
|
0-0: Ball 1-0: Called Strike 1-1: SINGLE (Groundball, 3D) Javier Escobedo to third John Dinkins to second Runner from 3rd tries for Home, SAFE, no throw
|
Pitching: LHP Alberto Cabrera
|
|
Batting: LHB Gary Kern
|
0-0: Ground out U3 (Groundball, 34)
|
Bottom of the 5th over - 2 run(s), 4 hit(s), 0 error(s), 2 left on base; Spokane 1 - Mexico City 5 |
TOP OF THE 6TH |
Spokane Trappers batting - Pitching for Mexico City Cerveceros : RHP Honorato Mota
|
Batting: LHB José Berroa
|
0-0: Foul Ball, location: 2F 0-1: Foul Ball, location: 2F 0-2: Ball 1-2: Fly out, F3 (Line Drive, 34)
|
Batting: LHB Will Hill
|
0-0: Ball 1-0: Foul Ball, location: 2F 1-1: Called Strike 1-2: Strikes out swinging
|
Batting: RHB Ramiro Ross
|
0-0: Called Strike 0-1: Swinging Strike 0-2: Fly out, F6 (Popup, 6)
|
Top of the 6th over - 0 run(s), 0 hit(s), 0 error(s), 0 left on base; Spokane 1 - Mexico City 5 |
BOTTOM OF THE 6TH |
Mexico City Cerveceros batting - Pitching for Spokane Trappers : LHP Alberto Cabrera
|
Batting: RHB Dave Morgan
|
0-0: Called Strike 0-1: Called Strike 0-2: Strikes out looking
|
Batting: LHB Don Soper
|
0-0: SINGLE (Groundball, 4S) (infield hit)
|
Batting: RHB Claudio Souza
|
0-0: Ball 1-0: Foul Ball, location: 2F 1-1: Foul Ball, location: 2F 1-2: Ball 2-2: Strikes out looking
|
Batting: LHB Javier Escobedo
|
0-0: Ball 1-0: Foul Ball, location: 2F 1-1: Foul Ball, location: 2F 1-2: Ground out 1-3 (Groundball, 15S)
|
Bottom of the 6th over - 0 run(s), 1 hit(s), 0 error(s), 1 left on base; Spokane 1 - Mexico City 5 |
TOP OF THE 7TH |
Spokane Trappers batting - Pitching for Mexico City Cerveceros : RHP Honorato Mota
|
Batting: LHB Alan Moore
|
0-0: Foul Ball, location: 2F 0-1: Foul Ball, location: 2F 0-2: SINGLE (Groundball, 34D)
|
Batting: RHB Trent Rasmussen
|
0-0: Ball 1-0: Grounds into double play, 5-4-3 (Groundball, 56)
|
Batting: RHB Clyde Kelley
|
0-0: Called Strike 0-1: Called Strike 0-2: Ball 1-2: Strikes out swinging
|
Top of the 7th over - 0 run(s), 1 hit(s), 0 error(s), 0 left on base; Spokane 1 - Mexico City 5 |
BOTTOM OF THE 7TH |
Mexico City Cerveceros batting - Pitching for Spokane Trappers : LHP Alberto Cabrera
|
Batting: RHB John Dinkins
|
0-0: Ball 1-0: Called Strike 1-1: Ball 2-1: Ground out 4-3 (Groundball, 4)
|
Batting: LHB John Nicholson
|
0-0: Called Strike 0-1: Ball 1-1: Ground out 4-3 (Groundball, 4S)
|
Batting: RHB Hamilton Holbrook
|
0-0: Ground out 6-3 (Groundball, 6)
|
Bottom of the 7th over - 0 run(s), 0 hit(s), 0 error(s), 0 left on base; Spokane 1 - Mexico City 5 |
TOP OF THE 8TH |
Spokane Trappers batting - Pitching for Mexico City Cerveceros : RHP Honorato Mota
|
Batting: RHB Sergio Solíz
|
0-0: Swinging Strike 0-1: Ball 1-1: Swinging Strike 1-2: Foul Ball, location: 2F 1-2: Strikes out looking
|
Batting: LHB Jaime Padilla
|
0-0: Ball 1-0: Swinging Strike 1-1: Ball 2-1: Called Strike 2-2: Strikes out swinging
|
Batting: RHB Enrique Mendoza
|
0-0: Foul Ball, location: 2F 0-1: Ball 1-1: Fly out, F5 (Popup, 5S)
|
Top of the 8th over - 0 run(s), 0 hit(s), 0 error(s), 0 left on base; Spokane 1 - Mexico City 5 |
BOTTOM OF THE 8TH |
Mexico City Cerveceros batting - Pitching for Spokane Trappers : LHP Alberto Cabrera
|
Batting: RHB Dennis Stephenson
|
0-0: Ball 1-0: Ball 2-0: Ball 3-0: Fly out, F9 (Flyball, 9LM)
|
Batting: LHB Gary Kern
|
0-0: Swinging Strike 0-1: Foul Ball, location: 2F 0-2: Fly out, F7 (Flyball, 7D)
|
Batting: RHB Dave Morgan
|
0-0: Called Strike 0-1: Foul Ball, location: 2F 0-2: Ball 1-2: Ball 2-2: Foul Ball, location: 2F 2-2: Ball 3-2: Base on Balls
|
Batting: LHB Don Soper
|
0-0: Called Strike 0-1: Foul Ball, location: 2F 0-2: Foul Ball, location: 2F 0-2: Fielders Choice at 2nd, 6-4 (Groundball, 6)
|
Bottom of the 8th over - 0 run(s), 0 hit(s), 0 error(s), 0 left on base; Spokane 1 - Mexico City 5 |
TOP OF THE 9TH |
Spokane Trappers batting - Pitching for Mexico City Cerveceros : RHP Honorato Mota
|
Pitching: RHP Troy Hawkins
|
|
Batting: LHB José Berroa
|
0-0: Foul Ball, location: 2F 0-1: Called Strike 0-2: Ball 1-2: Ball 2-2: Foul Ball, location: 2F 2-2: Fly out, F7 (Flyball, 7S)
|
Batting: LHB Will Hill
|
0-0: Called Strike 0-1: Fly out, F7 (Line Drive, 7S)
|
Batting: RHB Ramiro Ross
|
0-0: Ball 1-0: Ball 2-0: Ball 3-0: Base on Balls
|
Batting: LHB Alan Moore
|
0-0: Called Strike 0-1: Fly out, F8 (Flyball, 78D)
|
Top of the 9th over - 0 run(s), 0 hit(s), 0 error(s), 1 left on base; Spokane 1 - Mexico City 5 |
|